 Dungeon Crawl Stone Soup version 0.27.1-34-g3ba077fa99 (webtiles) character file.

Game seed: 16602338387481798588

459 comborobin the Covert (level 6, -3/36 HPs)
             Began as a Vampire Delver on Jan 6, 2022.
             Slain by Eustachio (4 damage)
             ... on level 5 of the Dungeon.
             The game lasted 00:01:34 (966 turns).

comborobin the Covert (Vampire Delver)               Turns: 966, Time: 00:01:36

Health: -3/36      AC:  3    Str: 11 (12) XL:     6   Next: 78%
Magic:  15/15      EV: 12    Int: 11 (13) God:
Gold:   10         SH:  0    Dex: 14 (16) Spells: 5/5 levels left

rFire    . . .     SeeInvis +   a - +0 short sword
rCold    + + .     Faith    .   (no shield)
rNeg     + + +     Spirit   .   b - +0 leather armour
rPois    ∞         Reflect  .   (no helmet)
rElec    .         Harm     .   (no cloak)
rCorr    .         Rampage  .   (no gloves)
Will     .....                  (no boots)
Stlth    ++++++....             (no amulet)
HPRegen  0.00/turn              i - ring of magical power
MPRegen  0.14/turn              (no ring)

@: bloodless, inhibited regen, hasted, very quick
A: bloodless, fangs 3, see invisible, vampiric 2
a: Bat Form, Revivify


You were on level 5 of the Dungeon.
You visited 1 branch of the dungeon, and saw 2 of its levels.

You collected 10 gold pieces.

Inventory:

Hand Weapons
 a - a +0 short sword (weapon)
Armour
 b - a +0 leather armour (worn)
 m - a +0 ring mail of fire resistance
Jewellery
 i - a ring of magical power (left hand)
Wands
 g - a wand of digging (3)
 l - a wand of flame (1)
Scrolls
 c - a scroll of fog
 d - a scroll of magic mapping
 e - a scroll of fear
 j - a scroll of vulnerability {unknown}
 k - a scroll of noise {unknown}
Potions
 h - a potion of magic {unknown}
 n - a potion of lignification {unknown}


   Skills:
 - Level 2.6 Fighting
 + Level 5.9 Short Blades
 - Level 2.1 Dodging
 + Level 10.6 Stealth


You had 5 spell levels left.
You didn't know any spells.
Your spell library contained the following spells:

 Spells                   Type           Power      Damage    Failure   Level
 Apportation              Tloc           0%         N/A       43%         1
 Alistair's Intoxication  Tmut/Pois      0%         N/A       100%        5
 Invisibility             Hex            0%         N/A       100%        6


Dungeon Overview and Level Annotations

Branches:
Dungeon (6/15)
 Temple: D:4-7

Altars:
Trog
Uskayaw
Yredelemnul

Annotations:
D:5 Eustachio


Innate Abilities, Weirdness & Mutations

You do not regenerate when monsters are visible.
You are frail without blood (-20% HP).
You can heal yourself when you bite living creatures.
You are immune to poison.
You have razor-sharp teeth.
You have supernaturally acute eyesight. (SInv)
You are afflicted with vampirism and can become a bat while bloodless.


Message History

a +0 dagger; an orc corpse Eustachio the Magnificent comes into view.
He is wielding a +7 falchion of electrocution.
Eustachio is nearby!
Eustachio hits you with a +7 falchion of electrocution.
You hit Eustachio. You bite Eustachio.
You draw Eustachio's blood!
You feel better.
Eustachio is lightly wounded.
Eustachio barely misses you.
Okay, then.
You feel yourself speed up.
Eustachio mumbles some strange words.
You miss Eustachio.
Eustachio is lightly wounded.
You hit Eustachio.
Eustachio is moderately wounded.
The river rat bites you but does no damage.
The river rat barely misses you.
Eustachio hits you with a +7 falchion of electrocution!
You barely miss Eustachio.
Eustachio is moderately wounded.
You barely miss Eustachio.
Eustachio is moderately wounded.
The river rat bites you. The river rat bites you! Eustachio barely misses you.
You hit Eustachio. Your bite misses Eustachio.
Eustachio is moderately wounded.
You closely miss Eustachio.
Eustachio is moderately wounded.
The river rat bites you. The river rat barely misses you.
Eustachio hits you with a +7 falchion of electrocution.
* * * LOW HITPOINT WARNING * * *
You hit Eustachio but do no damage.
Eustachio is moderately wounded.
You hit Eustachio.
Eustachio is heavily wounded.
The river rat bites you.
* * * LOW HITPOINT WARNING * * *
The river rat bites you.
* * * LOW HITPOINT WARNING * * *
Eustachio hits you with a +7 falchion of electrocution.
You die...

.# #.# .# #.#
.# #.# .# #.#
.# #.## .#
#..# .# ##.#
.#
#####r########
.#
#....r@@......
.#
#.###..#######
.# #..# .#
#..# ## #..# #
#..# # #..# #
#..# #


You could see Eustachio and 2 river rats.

Vanquished Creatures
  Sigmund (D:5)
  An ice beast (D:5)
  A necrophage (D:5)
  A scorpion (D:6)
  A bullfrog zombie (D:5)
  An iguana (D:5)
  An adder (D:5)
  An ufetubus (D:5)
  2 orcs (D:5)
10 creatures vanquished.

Notes
Turn   | Place    | Note
-------+----------+-------------------------------------------
     0 | D:5      | comborobin the Vampire Delver began the quest for the Orb.
     0 | D:5      | Reached XP level 1. HP: 17/17 MP: 1/1
    10 | D:6      | Noticed a scorpion
    14 | D:6      | Killed a scorpion
    15 | D:6      | Reached skill level 8 in Stealth
    15 | D:6      | Reached XP level 2. HP: 23/23 MP: 2/2
    15 | D:6      | Gained mutation: You are afflicted with vampirism and can
                  | become a bat while bloodless. [Vampire growth]
    15 | D:6      | Reached XP level 3. HP: 28/28 MP: 3/3
    23 | D:6      | Noticed a phantom
   127 | D:5      | Noticed a necrophage
   132 | D:5      | Killed a necrophage
   133 | D:5      | Reached skill level 9 in Stealth
   133 | D:5      | Reached XP level 4. HP: 27/27 MP: 4/4
   133 | D:5      | Reached XP level 5. HP: 31/31 MP: 5/5
   167 | D:5      | Noticed Sigmund
   186 | D:5      | Killed Sigmund
   187 | D:5      | Reached skill level 5 in Short Blades
   187 | D:5      | Reached skill level 10 in Stealth
   187 | D:5      | Reached XP level 6. HP: 36/36 MP: 6/6
   712 | D:5      | Found a faded altar of an unknown god.
   712 | D:5      | Found a hide-covered altar of Uskayaw.
   718 | D:5      | Found a faded altar of an unknown god.
   721 | D:5      | Found a basalt altar of Yredelemnul.
   723 | D:5      | Found a bloodstained altar of Trog.
   813 | D:5      | Noticed an ice beast
   837 | D:5      | Killed an ice beast
   955 | D:5      | Noticed Eustachio
   966 | D:5      | HP: 1/36 [river rat[Eustachio] (4)]
   966 | D:5      | Slain by Eustachio

Illustrated notes

Levels and vault maps discovered:
D:5:      layout_loops_ring, chequers_temple_overflow_minitemple, uniq_sigmund,
          uniq_eustachio
D:6:      layout_basic

Skill      XL: |  1  2  3  4  5 |
---------------+----------------+-----
Short Blades   | 3 4 5 |  5.9
Stealth        | 8 9 10 | 10.6
Fighting       | |  2.6
Dodging        | |  2.1

Action                   |  1- 3 |  4- 6 || total
-------------------------+-------+-------++-------
Melee: Short sword       |     2 |    25 ||    27
       Bite              |       |     2 ||     2
 Abil: Exsanguinate      |     1 |       ||     1
       End Transformatio |       |     1 ||     1
       Bat Form          |       |     1 ||     1
Evoke: Wand              |       |     7 ||     7
  Use: Potion            |       |     1 ||     1
 Stab: Sleeping          |     2 |     6 ||     8
Armor: Leather armour    |       |     6 ||     6
Dodge: Dodged            |       |    14 ||    14
